 Dungeon Crawl Stone Soup version 0.31-a0-202-g547052bce9 (webtiles) character file.

Game seed: 11668764386704431234

170 lunkers the Ducker (level 6, -1/48 HPs)
             Began as a Meteoran Wanderer on June 26, 2023.
             Slain by Natasha (10 damage)
             ... on level 2 of the Dungeon.
             The game lasted 00:02:24 (854 turns).

lunkers the Ducker (Meteoran Wanderer)               Turns: 854, Time: 00:02:24

Health: -1/48      AC:  0    Str: 13    XL:     6   Next: 8%
Magic:  11/11      EV: 24    Int: 14    God:
Gold:   54         SH:  0    Dex: 21    Spells: 9/10 levels left

rFire   . . .        a - melded +1 short sword (elec)
rCold   . . .        (shield currently unavailable)
rNeg    . . .        f - melded +2 chain mail {rPois}
rPois   .            (helmet currently unavailable)
rElec   .            (cloak currently unavailable)
rCorr   .            p - melded +0 pair of gloves
SInv    .            (boots currently unavailable)
Will    .....        (no amulet)
Stlth   +            k - melded ring of wizardry
HPRegen 0.28/turn    (ring currently unavailable)
MPRegen 0.12/turn

%: no passive effects
@: bat-form, flying, slowed, glowing, quick
A: fast, flying, no casting, tiny, sense surroundings 1, otherworldly, glowing,
explore regen
a: no special abilities


You were on level 2 of the Dungeon.
You were a bat.
You visited 1 branch of the dungeon, and saw 2 of its levels.

You collected 54 gold pieces.

Inventory:

Hand Weapons
 a - a +1 short sword of electrocution (melded)
 b - a +1 dagger of draining
 l - a +0 dagger
Armour
 d - a +2 leather armour
 f - a +2 chain mail of poison resistance (melded)
 p - a +0 pair of gloves (melded)
Jewellery
 k - a ring of wizardry (melded)
Scrolls
 c - a scroll of blinking
 g - a scroll of immolation {unknown}
 i - a scroll of identify {unknown}
 j - 2 scrolls of teleportation
 m - a scroll of enchant weapon {unknown}
Potions
 e - a potion of mutation {unknown}
 h - 2 potions of invisibility {unknown}
 n - a potion of degeneration {unknown}
 o - 2 potions of heal wounds {unknown}


   Skills:
 - Level 2.1 Fighting
 + Level 5.5 Short Blades
 - Level 6.0 Dodging
 - Level 2.6 Spellcasting
 - Level 1.2 Translocations


You had 9 spell levels left.
You knew the following spells:

 Your Spells              Type           Power      Damage    Failure   Level
p - Apportation           Tloc           10%        N/A       14%         1

Your spell library contained the following spells:

 Spells                   Type           Power      Damage    Failure   Level
 Volatile Blastmotes      Fire/Tloc      6%         2d10      45%         3


Dungeon Overview and Level Annotations

Branches:
Dungeon (2/15) Zot: 371

Altars:

Annotations:
D:2 Natasha


Innate Abilities, Weirdness & Mutations

You are a bat.
You are tiny and dextrous.
You move quickly.
You are flying.
Your equipment is almost entirely melded.
You are incapable of wielding weapons or throwing items.
You cannot cast spells.
You passively map a small area around you.
You are easily found by Zot.
You glow in the dark.
You regain HP and MP as you explore.


Message History

The cerulean imp hits you but does no damage. x2
The cerulean imp disappears in a puff of smoke! x2
Natasha casts a spell at you. The magic dart hits you.
* * * LOW HITPOINT WARNING * * *
Natasha stares at you and mumbles some strange words.
The magic dart hits you.
* * * LOW HITPOINT WARNING * * *
Natasha casts a spell at you. The magic dart hits you.
* * * LOW HITPOINT WARNING * * *
The cerulean imp hits you but does no damage.
You aren't carrying any items that you can evoke.
The cerulean imp hits you but does no damage.
Natasha zaps a wand.
You easily resist.
The cerulean imp attacks as you move away!
The cerulean imp hits you but does no damage.
The cerulean imp hits you from afar with a +2 spear.
* * * LOW HITPOINT WARNING * * *
Natasha stares at you and mumbles some strange words.
The magic dart hits you but does no damage.
The cerulean imp hits you from afar with a +2 spear.
* * * LOW HITPOINT WARNING * * *
Natasha zaps a wand.
You turn into a bat.
Your +1 short sword of electrocution melds into your body.
Your +0 pair of gloves melds into your body.
Your +2 chain mail of poison resistance melds into your body.
Your ring of wizardry melds into your body.
Your +1 short sword of electrocution stops crackling.
You no longer feel resistant to poison.
The cerulean imp hits you from afar with a +2 spear.
* * * LOW HITPOINT WARNING * * *
Natasha completely misses you.
You hit Natasha.
Natasha is lightly wounded.
The cerulean imp barely misses you.
Natasha mumbles some strange words.
Natasha's front paws start to glow.
Natasha claws you!
You die...

, ,.. #........#..#.#..... *
#.### #####.......#.####.# #...
..# #######.#......# , ,#.)# #.#
##.######## #..#####.# #...#
#.....##.# #...#
########.##.##.#### #...#
#........##.......# #...#
#..............hb.#####...######
#.......###....................##
#..........#.....5...............
#.......##.#.)..#...)............
#.......##.#....#.#####...#####.#
#.......##.#......# #...# #.#
#.#####.##.##...### #...# #.# #.
*#.##.#....>.# #...# #.# # , ,
#.##.#..#.#.## #...# #..


You could see Natasha and a cerulean imp (summoned).

Vanquished Creatures
  A scorpion (D:2)
  Natasha (twice) (D:2)
  2 adders (D:2)
  2 endoplasms (D:1)
  A giant cockroach (D:1)
  7 goblins
  3 hobgoblins
  9 jackals
  2 kobolds
  3 quokkas
  2 ball pythons (D:1)
  3 bats
  A frilled lizard (D:1)
  2 rats
40 creatures vanquished.

Notes
Turn   | Place    | Note
-------+----------+-------------------------------------------
     0 | D:1      | lunkers the Meteoran Wanderer began the quest for the Orb.
     0 | D:1      | lunkers set off with the following items: a +0 dagger, a
                  | scroll of teleportation, a scroll of blinking, a +2 leather
                  | armour; and the following spell memorised: Apportation; and
                  | the following spells available to memorise: Volatile
                  | Blastmotes.
     0 | D:1      | Reached XP level 1. HP: 17/17 MP: 5/5
    89 | D:1      | Reached skill level 1 in Short Blades
    95 | D:1      | Reached XP level 2. HP: 20/24 MP: 6/6
   233 | D:1      | Reached XP level 3. HP: 26/26 MP: 8/8
   419 | D:2      | Reached XP level 4. HP: 32/36 MP: 9/9
   448 | D:2      | Noticed Natasha
   452 | D:2      | Killed Natasha
   543 | D:2      | Noticed Natasha
   549 | D:2      | Killed Natasha
   550 | D:2      | Reached XP level 5. HP: 39/41 MP: 10/10
   579 | D:2      | Reached skill level 5 in Short Blades
   579 | D:2      | Reached XP level 6. HP: 48/48 MP: 11/11
   604 | D:2      | Found a faded altar of an unknown god.
   808 | D:2      | Noticed Natasha
   854 | D:2      | Slain by Natasha

Illustrated notes

Levels and vault maps discovered:
D:1:      giann_wishing_wells, layout_basic
D:2:      layout_loops_cross, basic_ecumenical_altar, uniq_natasha

Skill      XL: |  1  2  3  4  5 |
---------------+----------------+-----
Short Blades   | 1 2 3 4 5 |  5.5
Fighting       | |  2.1
Dodging        | |  6.0
Spellcasting   | |  2.6
Translocations | |  1.2

Action                     |  1- 3 |  4- 6 || total
---------------------------+-------+-------++-------
  Melee: Dagger            |    97 |       ||    97
         Punch             |     2 |       ||     2
         Short sword       |    37 |    49 ||    86
         Unarmed           |       |     5 ||     5
 Armour: Leather armour    |    42 |    13 ||    55
         Chain mail        |       |     8 ||     8
  Dodge: Dodged            |    65 |    39 ||   104

Table legend: (Time is in decaauts)
 A = Elapsed time spent in this place.
 B = Non-inter-level travel time spent in this place.
 C = Inter-level travel time spent in this place.
 D = Time resting spent in this place.
 E = Time spent auto-exploring this place.
 F = Levels seen in this place.
 G = Mean time per level.
                   A        B        C        D        E       F      G
               +--------+--------+--------+--------+--------+-----+--------+
         Total |    827 |    809 |     18 |      0 |    446 |   2 |  413.5 |
       Dungeon |    827 |    809 |     18 |      0 |    446 |   2 |  413.5 |
               +--------+--------+--------+--------+--------+-----+--------+

Top non-repeatable levels by time:
     D:2: 487 daAuts
     D:1: 340 daAuts
